 Dungeon Crawl Stone Soup version 0.29.1-2-gbd0b4ee654 (webtiles) character file.

Game seed: 16245753276937262868

714 qeuew the Sneak (level 7, 0/32 HPs)
             Began as a Spriggan Enchanter on Nov 10, 2022.
             Slain by a scorpion (4 damage)
             ... on level 5 of the Dungeon.
             The game lasted 00:07:51 (6212 turns).

qeuew the Sneak (Spriggan Enchanter)                Turns: 6212, Time: 00:07:52

Health: 0/32       AC:  2    Str:  3 (4)  XL:     7   Next: 41%
Magic:  8/15       EV: 23    Int: 12 (16) God:
Gold:   368        SH:  0    Dex: 16 (18) Spells: 5/16 levels left

rFire   + . .      SeeInvis +   a - +1 dagger (flame)
rCold   . . .      Faith    .   (no shield)
rNeg    . . .      Spirit   .   b - +0 robe
rPois   .          Reflect  .   (helmet restricted)
rElec   .          Harm     .   (no cloak)
rCorr   .          Rampage  .   (gloves unavailable)
Will    +....                   (boots unavailable)
Stlth   ++++......              (no amulet)
HPRegen 0.10/turn               h - ring of protection from fire
MPRegen 0.14/turn               k - +4 ring of evasion

@: lethally poisoned (0 -> -11), invisible, very quick
A: very small, no large weapons, unfitting armour, see invisible, speed 3,
talons 1, deterioration 1, MP-powered wands
a: no special abilities


You were on level 5 of the Dungeon.
You visited 1 branch of the dungeon, and saw 5 of its levels.

You collected 368 gold pieces.

Inventory:

Hand Weapons
 a - a +1 dagger of flaming (weapon)
Missiles
 i - 3 throwing nets
Armour
 b - a +0 robe (worn)
Jewellery
 h - a ring of protection from fire (left hand)
 k - a +4 ring of evasion (right hand)
Scrolls
 f - a scroll of teleportation
 l - a scroll of summoning
Potions
 c - a potion of invisibility
 m - a potion of brilliance


   Skills:
 + Level 4.0 Short Blades
 + Level 5.4 Dodging
 + Level 7.1 Stealth
 + Level 5.1 Spellcasting
 + Level 5.7 Hexes


You had 5 spell levels left.
You knew the following spells:

 Your Spells              Type           Power      Damage    Failure   Level
a - Ensorcelled Hibernat  Hex/Ice        18%        N/A       10%         2
b - Confusing Touch       Hex            16%        N/A       5%          3
c - Tukima's Dance        Hex            16%        N/A       5%          3
d - Dazzling Flash        Conj/Hex       18%        N/A       19%         3

Your spell library contained the following spells:

 Spells                   Type           Power      Damage    Failure   Level
 Freeze                   Ice            12%        1d4       21%         1
 Magic Dart               Conj           12%        1d3       21%         1
 Searing Ray              Conj           6%         2d4       30%         2
 Frozen Ramparts          Ice            6%         1d1       52%         3
 Fulminant Prism          Conj/Hex       4%         3d6       52%         4
 Hailstorm                Conj/Ice       3%         3d3       89%         4


Dungeon Overview and Level Annotations

Branches:
Dungeon (5/15)
 Temple: D:4-7

Altars:
Ashenzari
Okawaru
Zin

Annotations:
D:3 3 runed translucent doors, Icepheonix32's ghost, amateur DgTm


Innate Abilities, Weirdness & Mutations

You are very small and have problems with some larger weapons.
You are too small for most types of armour.
You have supernaturally acute eyesight. (SInv)
You cover ground extremely quickly. (Speed+++)
You have sharp toenails.
Your body sometimes deteriorates upon taking damage.
You expend magic power (3 MP) to strengthen your wands.


Message History

Your body deteriorates!
You feel dopey. The hound completely misses you.
Aiming: Ensorcelled Hibernation (safe; 10% risk of failure)
Press: ? - help, Q - select action, (/) - cycle Shift-Dir - straight line, f - scorpion
Aim: a scorpion (heavily wounded, chance to affect: 43%)
The scorpion resists with some effort.
The hound completely misses you. The scorpion completely misses you.
The hound barely misses you.
You barely miss the scorpion. Your kick misses the scorpion.
The scorpion is heavily wounded.
The scorpion stings you.
* * * LOW HITPOINT WARNING * * *
The hound barely misses you.
You hit the scorpion but do no damage.
You claw the scorpion, but do no damage.
The scorpion is heavily wounded.
The scorpion stings you.
* * * LOW HITPOINT WARNING * * *
You are lethally poisoned!
The scorpion poisons you! The hound misses you.
You fade into invisibility!
* * * LOW HITPOINT WARNING * * *
You feel very sick. The hound completely misses you. The scorpion misses you.
You feel much better.
You feel sick. The hound bites you. The scorpion misses you.
The hound barely misses you. The scorpion stings you.
You are lethally poisoned!
The scorpion poisons you!
Aiming: Ensorcelled Hibernation (safe; 10% risk of failure)
Press: ? - help, Q - select action, (/) - cycle Shift-Dir - straight line, f/p - scorpion
Aim: a scorpion (heavily wounded, unable to see you, chance to affect: 43%)
The scorpion resists with some effort.
* * * LOW HITPOINT WARNING * * *
You feel very sick. The hound completely misses you.
The scorpion completely misses you.
You hit the scorpion but do no damage.
The scorpion is heavily wounded.
* * * LOW HITPOINT WARNING * * *
You feel sick. The hound completely misses you. The scorpion stings you.
You die...

.P..............+ ....
...#.###........##......
._.#.# #............ ...
.....###................
.P)<.......#............
...)..######......#.....
.......)...............#
.....##...#(.....h......
................@s......
....######.....#...###..
....# #......#...# ....#
#......##### ....
#......# .##
#...g......#
...........#+#
.......o.....
.......oo...o..


You could see a scorpion (unable to see you) and a hound.

Vanquished Creatures
  A phantom (D:5)
  A bullfrog (D:5)
  A scorpion (D:4)
  2 howler monkeys
  2 hounds (D:4)
  An iguana (D:4)
  2 orc wizards (D:5)
  Natasha (thrice) (D:4)
  11 gnolls
  5 adders
  A dart slug (D:3)
  3 orcs
  8 ball pythons
  5 bats
  5 endoplasms
  4 giant cockroaches
  6 goblins
  8 hobgoblins
  2 jackals (D:2)
  8 kobolds
  5 quokkas
  3 frilled lizards
  6 rats
93 creatures vanquished.

Notes
Turn   | Place    | Note
-------+----------+-------------------------------------------
     0 | D:1      | qeuew the Spriggan Enchanter began the quest for the Orb.
     0 | D:1      | Reached XP level 1. HP: 9/9 MP: 5/5
   432 | D:1      | Reached XP level 2. HP: 13/13 MP: 6/6
   506 | D:1      | Learned a level 2 spell: Ensorcelled Hibernation
  1819 | D:1      | Gained mutation: You expend magic power (3 MP) to
                  | strengthen your wands. [potion of mutation]
  1819 | D:1      | Gained mutation: Your body sometimes deteriorates upon
                  | taking damage. [potion of mutation]
  1819 | D:1      | Gained mutation: You have sharp toenails. [potion of
                  | mutation]
  1879 | D:2      | Reached XP level 3. HP: 16/16 MP: 8/8
  2267 | D:2      | Found a faded altar of an unknown god.
  2508 | D:2      | Reached skill level 5 in Stealth
  2961 | D:3      | Found a glowing silver altar of Zin.
  3069 | D:3      | Reached XP level 4. HP: 21/21 MP: 2/10
  3310 | D:3      | Found a runed translucent gate.
  3311 | D:3      | Found a runed translucent gate.
  3311 | D:3      | Identified the +1 ring mail "Nuami" {Harm rPois Int+5
                  | Dex-5}
  3312 | D:3      | Found a runed translucent gate.
  3312 | D:3      | Noticed Icepheonix32's ghost (amateur DgTm)
  3808 | D:4      | Noticed Natasha
  3816 | D:4      | Killed Natasha
  3817 | D:4      | Reached XP level 5. HP: 24/24 MP: 8/11
  3821 | D:4      | Learned a level 3 spell: Confusing Touch
  3825 | D:4      | Learned a level 3 spell: Tukima's Dance
  3829 | D:4      | Learned a level 3 spell: Dazzling Flash
  3977 | D:4      | Reached skill level 6 in Stealth
  3977 | D:4      | Noticed Natasha
  3983 | D:4      | Killed Natasha
  4185 | D:4      | Reached XP level 6. HP: 28/28 MP: 10/13
  4327 | D:4      | Found an iron altar of Okawaru.
  4354 | D:4      | Noticed Natasha
  4356 | D:4      | Reached skill level 5 in Hexes
  4361 | D:4      | Killed Natasha
  4896 | D:5      | Entered Level 5 of the Dungeon
  5244 | D:5      | Found a broken altar of Ashenzari.
  5382 | D:5      | Reached skill level 5 in Dodging
  5478 | D:5      | Reached XP level 7. HP: 23/32 MP: 12/15
  6143 | D:5      | Reached skill level 7 in Stealth
  6143 | D:5      | Reached skill level 5 in Spellcasting
  6212 | D:5      | Slain by a scorpion

Illustrated notes

Levels and vault maps discovered:
D:1:      noname_arrival_rooms_in_the_neighbourhood, layout_basic, serial_glass,
          glass_columns_a, glass_columns_b, supply_closet_lemuel
D:2:      layout_rooms, dilly_ecumenical_altar_fadedgnrine, chequers_arboretum
D:3:      wad_pebble_path, layout_basic,
          mainiacjoe_overflow_concentric_impassable, biasface_ghost_orc_armoury
D:4:      layout_loops_corners, mainiacjoe_overflow_chevrons,
          kennysheep_generic_room_4, uniq_natasha
D:5:      layout_basic, mainiacjoe_overflow_tiny_flanked,
          chequers_serial_rivers_marsh

Skill      XL: |  1  2  3  4  5  6  7 |
---------------+----------------------+-----
Dodging        | 3 4 5 |  5.4
Spellcasting   | 3 4 5 |  5.1
Hexes          | 4 5 |  5.7
Stealth        | 5 6 7 |  7.1
Short Blades   | 2 3 4 |  4.0

Action                   |  1- 3 |  4- 6 |  7- 9 || total
-------------------------+-------+-------+-------++-------
Melee: Dagger            |   115 |    68 |    31 ||   214
       Kick              |     4 |    11 |     5 ||    20
       Punch             |       |       |     1 ||     1
 Cast: Ensorcelled Hiber |    29 |    45 |    14 ||    88
  Use: Potion            |     4 |     2 |     4 ||    10
       Scroll            |     4 |     3 |       ||     7
 Stab: Sleeping          |    25 |    37 |     8 ||    70
Armor: Robe              |    24 |     1 |     1 ||    26
Dodge: Dodged            |    90 |    45 |    57 ||   192
